 Dungeon Crawl Stone Soup version 0.28.0 (webtiles) character file.

Game seed: 8845880019616210774

16 raph the Chiller (level 2, -1/19 HPs)
             Began as a Merfolk Ice Elementalist on Feb 10, 2022.
             Slain by a hobgoblin (3 damage)
             ... on level 1 of the Dungeon.
             The game lasted 00:01:27 (636 turns).

raph the Chiller (Merfolk Ice Elementalist)          Turns: 636, Time: 00:01:28

Health: -1/19      AC:  2    Str:  8    XL:     2   Next: 54%
Magic:  0/5        EV: 12    Int: 14    God:
Gold:   9          SH:  0    Dex: 14    Spells: 4/5 levels left

rFire   . . .      SeeInvis .   a - +0 spear
rCold   . . .      Faith    .   (no shield)
rNeg    . . .      Spirit   .   d - +0 robe
rPois   .          Reflect  .   (no helmet)
rElec   .          Harm     .   (no cloak)
rCorr   .          Rampage  .   (no gloves)
Will    .....                   (no boots)
Stlth   ++........              (no amulet)
HPRegen 0.06/turn               (no ring)
MPRegen 0.09/turn               (no ring)

@: no status effects
A: (nimble swimmer 2), mertail
a: no special abilities


You were on level 1 of the Dungeon.
You visited 1 branch of the dungeon, and saw 1 of its levels.

You collected 9 gold pieces.

Inventory:

Hand Weapons
 a - a +0 spear (weapon)
Armour
 d - a +0 robe (worn)
Magical Staves
 b - a staff of cold
Scrolls
 e - 2 scrolls of enchant weapon {unknown}
Potions
 c - a potion of might


   Skills:
 - Level 2.6 Dodging
 - Level 2.1 Stealth
 - Level 2.0 Spellcasting
 + Level 5.1 Ice Magic


You had 4 spell levels left.
You knew the following spells:

 Your Spells              Type           Power      Damage    Failure   Level
a - Freeze                Ice            60%        1d8       2%          1

Your spell library contained the following spells:

 Spells                   Type           Power      Damage    Failure   Level
 Frozen Ramparts          Ice            30%        1d5       9%          3
 Ozocubu's Armour         Ice            15%        N/A       9%          3
 Sublimation of Blood     Necr           1%         N/A       34%         2
 Wereblood                Tmut           1%         N/A       34%         2
 Hailstorm                Conj/Ice       8%         3d4       63%         4
 Summon Hydra             Summ           0%         N/A       100%        7


Dungeon Overview and Level Annotations

Branches:
Dungeon (1/15)

Altars:


Innate Abilities, Weirdness & Mutations

((You are very nimble when in or above water. (Stealth+, EV+, Speed+++)))
Your lower body shifts to a powerful aquatic tail in water.


Message History

Aim: a giant cockroach You freeze the giant cockroach.
The giant cockroach is heavily wounded.
The giant cockroach bites you but does no damage.
The hobgoblin misses you. The giant cockroach misses you.
Aiming: Freeze (safe; 3% risk of failure)
Press: ? - help, Q - select action Shift-Dir - straight line, f/p - giant cockroach
Aim: a giant cockroach (heavily wounded)
You freeze the giant cockroach.
You kill the giant cockroach!
The hobgoblin hits you.
The ball python bites you but does no damage.
The ball python barely misses you.
Aiming: Freeze (safe; 3% risk of failure)
Press: ? - help, Q - select action Shift-Dir - straight line, f - ball python
Aim: a ball python You freeze the ball python.
The ball python is moderately wounded.
The hobgoblin hits you.
* * * LOW HITPOINT WARNING * * *
The ball python misses you. x2
Aiming: Freeze (safe; 3% risk of failure)
Press: ? - help, Q - select action Shift-Dir - straight line, f/p - ball python
Aim: a ball python (moderately wounded)
You freeze the ball python.
You kill the ball python!
The hobgoblin completely misses you.
You don't have enough magic to cast this spell.
Unknown command.
You hit the hobgoblin.
The hobgoblin is lightly wounded.
The hobgoblin barely misses you. x2
You hit the hobgoblin but do no damage.
The hobgoblin is lightly wounded.
The hobgoblin misses you. The hobgoblin hits you.
* * * LOW HITPOINT WARNING * * *
You hit the hobgoblin.
The hobgoblin is moderately wounded.
The hobgoblin hits you.
You die...

,,* *#....###....#
#..... ,,*
**,,#...#...#,* #..[..
,,* *,,**#.....#***
#..... ,,** *,**
##._.## #...†.
,,,****,,**#.....#####
#.....
,,,,,,,,,,#...#S..#..#
##....
,,****,,#....###.....##
#..... *** *,..#..#*
##g.#..# #..... ***
*,#*##.,* #@g###.#
#..... ,,** *,*
#*.#*#### #.# #.....
*,,* *,* *...###*##.#
#..... **,* *,*
**#....##.)# ##....
*,***,* **##....##
##.... *,,*,,*
#....########...##
**,*,**
#..............## *,,,*
#.....#######.## **,,*
***#.....# ###.####


You could see 2 hobgoblins.

Vanquished Creatures
  3 ball pythons (D:1)
  3 endoplasms (D:1)
  A giant cockroach (D:1)
  A goblin (D:1)
  A hobgoblin (D:1)
  2 kobolds (D:1)
  5 rats (D:1)
16 creatures vanquished.

Vanquished Creatures (others)
  3 plants (D:1)
3 creatures vanquished.

Grand Total: 19 creatures vanquished

Notes
Turn   | Place    | Note
-------+----------+-------------------------------------------
     0 | D:1      | raph the Merfolk Ice Elementalist began the quest for the
                  | Orb.
     0 | D:1      | Reached XP level 1. HP: 13/13 MP: 3/3
   276 | D:1      | Reached XP level 2. HP: 18/19 MP: 3/5
   383 | D:1      | Reached skill level 5 in Ice Magic
   576 | D:1      | Found a faded altar of an unknown god.
   636 | D:1      | Slain by a hobgoblin

Illustrated notes

Levels and vault maps discovered:
D:1:      roderic_crop_circles_arrival_small, layout_rooms,
          nicolae_ecumenical_snake_handling, chequers_serial_rivers_small_3,
          minivault_14

Skill      XL: |  1  2 |
---------------+-------+-----
Ice Magic      | 5 |  5.1
Dodging        | |  2.6
Stealth        | |  2.1
Spellcasting   | |  2.0

Action                   || total
-------------------------++-------
Melee: Unarmed           ||     6
       Spear             ||     4
 Cast: Freeze            ||    23
  Use: Scroll            ||     2
Armor: Robe              ||     5
Dodge: Dodged            ||    22
